AoeStats
← Furious Destroyer

Black Forest

509263950Analyzed
3v3 RM · 6d ago on Sep 26, 2026· 61m 26s· 6 players
Game mode
Random Map
Map size
Normal (6 player)
Population
200
Speed
Normal
Resources
Standard
Victory
Conquest
Starting age
Dark Age
Ending age
Imperial Age
RankedLock teamsTeams togetherTeam positionsShared explorationLock speedFull tech treeHidden civsTurbo modeCheats
Victory
Defeat
🇺🇸 Britons · United States
743
+13
🇺🇸 Japanese · United States
730
+13
🇺🇸 Spanish · United States
658
+29
🇦🇷 Bulgarians · Argentina
761
-34
🇮🇩 Portuguese · Indonesia
706
-16
🇦🇷 Britons · Argentina
542
-9
FILIPINA BACOT
0:30 Loom
17:50 Feudal Age
19:32 Horse Collar
19:40 Double-Bit Axe
23:26 Forging
23:16 Scale Mail Armor
26:08 Castle Age
24:30 Gold Mining
24:35 Stone Mining
25:35 Forging
26:09 Fletching
27:22 Bow Saw
27:16 Heavy Plow
29:06 Bodkin Arrow
34:48 Imperial Age
33:23 Thumb Ring
34:20 Iron Casting
33:46 Bodkin Arrow
34:28 Iron Casting
35:18 Ballistics
35:10 Scale Mail Armor
35:11 Padded Archer Armor
34:39 Pikeman
34:46 Elite Skirmisher
35:20 Town Watch
36:12 Wheelbarrow
36:17 Bracer
37:50 Crop Rotation
38:46 Arquebus
39:08 Conscription
40:26 Two-Man Saw
39:47 Halberdier
42:02 Chemistry
41:32 Hand Cart
43:47 Fortified Wall
45:28 Murder Holes
45:54 Elite Organ Gun
46:52 Elite Organ Gun
48:12 Siege Engineers
47:53 Elite Organ Gun
50:23 Blast Furnace
Chafalote
0:31 Loom
10:57 Feudal Age
11:46 Double-Bit Axe
12:08 Horse Collar
21:03 Castle Age
20:33 Gold Mining
21:12 Padded Archer Armor
21:05 Fletching
22:12 Bow Saw
22:52 Heavy Plow
30:15 Imperial Age
28:33 Caravan
28:59 Scale Mail Armor
28:59 Elite Skirmisher
29:51 Husbandry
31:58 Two-Man Saw
33:25 Wheelbarrow
33:18 Conscription
34:07 Leather Archer Armor
37:24 Stone Mining
38:10 Gold Shaft Mining
38:12 Hand Cart
40:15 Yeomen
40:36 Ballistics
41:06 Bodkin Arrow
41:43 Ring Archer Armor
41:25 Forging
41:22 Scale Barding Armor
41:33 Chain Mail Armor
44:07 Light Cavalry
44:15 Crossbowman
45:08 Bracer
45:45 Iron Casting
45:40 Plate Mail Armor
45:31 Chain Barding Armor
46:08 Cavalier
52:05 Plate Barding Armor
52:31 Blast Furnace
53:32 Chemistry
Rey Sombra
9:12 Loom
11:53 Feudal Age
15:07 Double-Bit Axe
15:58 Horse Collar
24:33 Castle Age
23:10 Wheelbarrow
22:22 Town Watch
25:49 Heavy Plow
26:02 Bow Saw
26:56 Scale Barding Armor
26:52 Scale Mail Armor
27:01 Squires
29:42 Chain Barding Armor
29:38 Chain Mail Armor
30:07 Hand Cart
30:19 Caravan
33:25 Gold Mining
36:40 Forging
36:36 Town Patrol
36:30 Stone Mining
37:16 Gold Shaft Mining
41:41 Imperial Age
38:36 Pikeman
39:02 Arson
39:11 Gambesons
43:57 Plate Barding Armor
43:53 Plate Mail Armor
44:00 Iron Casting
43:56 Stirrups
45:36 Conscription
45:27 Halberdier
48:17 Blast Furnace
Furious Destroyer
6:14 Loom
12:49 Feudal Age
17:26 Castle Age
15:25 Horse Collar
16:07 Double-Bit Axe
18:08 Wheelbarrow
22:34 Bow Saw
22:34 Scale Barding Armor
22:41 Padded Archer Armor
22:32 Fletching
27:35 Hand Cart
27:46 Heavy Plow
29:53 Caravan
35:23 Imperial Age
35:07 Town Watch
35:50 Elite Conquistador
37:13 Conscription
39:49 Chemistry
39:09 Ballistics
40:53 Elite Skirmisher
41:50 Leather Archer Armor
41:30 Bodkin Arrow
41:56 Chain Barding Armor
41:48 Forging
41:48 Thumb Ring
42:11 Bloodlines
42:01 Husbandry
41:24 Light Cavalry
43:10 Town Patrol
43:44 Ring Archer Armor
43:14 Bracer
44:58 Two-Man Saw
43:56 Gold Mining
52:49 Plate Barding Armor
52:49 Iron Casting
56:23 Onager
58:02 Hussar
60:14 Spies/Treason
SimonAM
12:01 Feudal Age
12:30 Double-Bit Axe
12:27 Horse Collar
18:55 Castle Age
19:05 Wheelbarrow
21:07 Hand Cart
22:34 Bow Saw
23:15 Heavy Plow
27:30 Gold Mining
27:30 Stone Mining
28:11 Loom
29:33 Pikeman
31:03 Town Watch
34:34 Imperial Age
32:09 Scale Mail Armor
32:47 Town Patrol
34:09 Chain Mail Armor
34:04 Forging
33:59 Squires
34:07 Caravan
34:27 Arson
35:38 Kataparuto
35:39 Conscription
36:09 Plate Mail Armor
35:51 Halberdier
38:21 Iron Casting
40:22 Elite Samurai
55:05 Fortified Wall
55:01 Siege Engineers
marin
5:26 Loom
11:38 Feudal Age
12:23 Double-Bit Axe
12:26 Horse Collar
20:13 Castle Age
21:31 Wheelbarrow
20:42 Town Watch
22:10 Bow Saw
21:55 Gold Mining
21:56 Stone Mining
23:54 Town Patrol
24:13 Hand Cart
26:55 Gold Shaft Mining
28:04 Ballistics
29:43 Fletching
30:08 Padded Archer Armor
36:24 Imperial Age
34:12 Caravan
35:27 Light Cavalry
36:07 Husbandry
37:24 Leather Archer Armor
37:05 Bodkin Arrow
37:15 Scale Barding Armor
37:22 Forging
38:37 Two-Man Saw
37:50 Elite Longbowman
38:55 Yeomen
38:38 Warwolf
40:59 Conscription
46:19 Chemistry
53:53 Heavy Scorpion
60:09 Spies/Treason
Connection lost

Rejoining the realm…

Still unreachable

The connection could not be restored.

Session expired

The server has moved on; the page needs a fresh start.